XFBL
CLEVELAND SPIDERS @ MILWAUKEE BREWERS
04/08/1982
 
TOP OF THE 1ST
Cleveland Spiders batting - Pitching for Milwaukee Brewers : LHP Tom Underwood
Pitching: LHP Tom Underwood
Batting: RHB Alan Trammell 0-0: Ground out 5-3 (Groundball, 5, EV 105.6 MPH)
Batting: SHB Bump Wills 0-0: Ball
1-0: SINGLE (Line Drive, 4D, EV 105.0 MPH)
Batting: RHB Cressy Pratt 0-0: Ball
1-0: Ball
2-0: Ball
3-0: Base on Balls
Bump Wills to second
Batting: RHB Clayton Elliott 0-0: Ball
1-0: Fielders Choice at 2nd, 5-4 (Groundball, 56, EV 101.9 MPH)
Bump Wills to third
Batting: SHB Salvador Perez 0-0: Ground out 6-3 (Groundball, 6MD, EV 88.1 MPH)
Top of the 1st over - 0 runs, 1 hit, 0 errors, 2 left on base; Cleveland 0 - Milwaukee 0
BOTTOM OF THE 1ST
Milwaukee Brewers batting - Pitching for Cleveland Spiders : RHP Dirceu Miro
Pitching: RHP Dirceu Miro
Batting: RHB Steve Sax 0-0: Called Strike
0-1: Swinging Strike
0-2: Ball
1-2: Foul Ball, location: 2F
1-2: Ground out 5-3 (Groundball, 56, EV 81.9 MPH)
Batting: LHB Von Hayes 0-0: Called Strike
0-1: Called Strike
0-2: Strikes out swinging
Batting: RHB Eric Davis 0-0: Called Strike
0-1: Ball
1-1: Called Strike
1-2: Ball
2-2: Strikes out looking
Bottom of the 1st over - 0 runs, 0 hits, 0 errors, 0 left on base; Cleveland 0 - Milwaukee 0
TOP OF THE 2ND
Cleveland Spiders batting - Pitching for Milwaukee Brewers : LHP Tom Underwood
Batting: RHB Tom Brunansky 0-0: Called Strike
0-1: Ball
1-1: Foul Ball, location: 2F
1-2: Ball
2-2: Strikes out swinging
Batting: RHB Kevin Bell 0-0: Ball
1-0: Fly out, F9 (Flyball, 9S, EV 82.5 MPH)
Batting: RHB Lance Parrish 0-0: Ball
1-0: Called Strike
1-1: SINGLE (Line Drive, 6MD, EV 98.1 MPH)
Batting: RHB Jesse Barfield 0-0: Called Strike
0-1: Ball
1-1: Ball
2-1: Swinging Strike
2-2: 2-RUN HOME RUN (Flyball, 7LD, EV 108.8 MPH), Distance : 356 ft
Batting: RHB Alan Trammell 0-0: Fly out, F7 (Flyball, 7, EV 85.0 MPH)
Top of the 2nd over - 2 runs, 2 hits, 0 errors, 0 left on base; Cleveland 2 - Milwaukee 0
BOTTOM OF THE 2ND
Milwaukee Brewers batting - Pitching for Cleveland Spiders : RHP Dirceu Miro
Batting: SHB Eddie Murray 0-0: Ball
1-0: Called Strike
1-1: Ball
2-1: Swinging Strike
2-2: Ball
3-2: Base on Balls
Batting: LHB Al Oliver 0-0: Ball
1-0: Swinging Strike
1-1: Ball
2-1: Foul Ball, location: 2F
2-2: Ball
3-2: Foul Ball, location: 2F
3-2: Fly out, F7 (Flyball, 7LS, EV 93.8 MPH)
Batting: RHB Thurman Munson 0-0: Ball
1-0: Foul Ball, location: 2F
1-1: Ball
2-1: Foul Ball, location: 2F
2-2: DOUBLE (Line Drive, 9LM, EV 98.1 MPH)
Eddie Murray to third
Runner from 3rd tries for Home, SAFE, no throw by RF
Batting: RHB Mike Schmidt 0-0: Fly out, F8 (Flyball, 8LS, EV 94.4 MPH)
Batting: RHB Ken Landreaux 0-0: Ball
1-0: Foul Ball, location: 2F
1-1: Single, Error in OF, E7, batter to second base (Groundball, 56D, EV 100.6 MPH)
Thurman Munson scores
Batting: SHB Alfredo Griffin 0-0: Ground out 1-3 (Groundball, 15S, EV 68.8 MPH)
Bottom of the 2nd over - 2 runs, 2 hits, 1 error, 1 left on base; Cleveland 2 - Milwaukee 2
TOP OF THE 3RD
Cleveland Spiders batting - Pitching for Milwaukee Brewers : LHP Tom Underwood
Batting: SHB Bump Wills 0-0: Ball
1-0: Foul Ball, location: 2F
1-1: Ground out 6-3 (Groundball, 6, EV 97.5 MPH)
Batting: RHB Cressy Pratt 0-0: Called Strike
0-1: Foul Ball, location: 2F
0-2: Strikes out looking
Batting: RHB Clayton Elliott 0-0: Ball
1-0: Ball
2-0: Foul Ball, location: 2F
2-1: Ball
3-1: Called Strike
3-2: Foul Ball, location: 2F
3-2: Base on Balls
Batting: SHB Salvador Perez 0-0: Swinging Strike
0-1: Ball
1-1: Foul Ball, location: 2F
1-2: Ball
2-2: Ball
Clayton Elliott steals 2nd base
3-2: Ground out 3-1 (Groundball, 34, EV 88.8 MPH)
Top of the 3rd over - 0 runs, 0 hits, 0 errors, 1 left on base; Cleveland 2 - Milwaukee 2
BOTTOM OF THE 3RD
Milwaukee Brewers batting - Pitching for Cleveland Spiders : RHP Dirceu Miro
Batting: RHB Steve Sax 0-0: Ball
1-0: Swinging Strike
1-1: Ball
2-1: Foul Ball, location: 2F
2-2: Foul Ball, location: 2F
2-2: Fly out, F8 (Flyball, 89D, EV 91.9 MPH)
Batting: LHB Von Hayes 0-0: Ground out 5-3 (Groundball, 56, EV 77.5 MPH)
Batting: RHB Eric Davis 0-0: Ball
1-0: Foul Ball, location: 2F
1-1: Ball
2-1: Fly out, F8 (Flyball, 78XD, EV 91.9 MPH)
Bottom of the 3rd over - 0 runs, 0 hits, 0 errors, 0 left on base; Cleveland 2 - Milwaukee 2
TOP OF THE 4TH
Cleveland Spiders batting - Pitching for Milwaukee Brewers : LHP Tom Underwood
Batting: RHB Tom Brunansky 0-0: Ball
1-0: Ball
2-0: Foul Ball, location: 2F
2-1: Foul Ball, location: 2F
2-2: Foul Ball, location: 2F
2-2: Foul Ball, location: 2F
2-2: Strikes out swinging
Batting: RHB Kevin Bell 0-0: Called Strike
0-1: Foul Ball, location: 2F
0-2: Strikes out swinging
Batting: RHB Lance Parrish 0-0: Ball
1-0: Ball
2-0: Ball
3-0: Called Strike
3-1: SINGLE (Line Drive, 34D, EV 98.8 MPH)
Batting: RHB Jesse Barfield 0-0: Fly out, F4 (Popup, 4S, EV 73.8 MPH)
Top of the 4th over - 0 runs, 1 hit, 0 errors, 1 left on base; Cleveland 2 - Milwaukee 2
BOTTOM OF THE 4TH
Milwaukee Brewers batting - Pitching for Cleveland Spiders : RHP Dirceu Miro
Batting: SHB Eddie Murray 0-0: Ball
1-0: Called Strike
1-1: Ball
2-1: Ball
3-1: Foul Ball, location: 2F
3-2: Base on Balls
Batting: LHB Al Oliver 0-0: Ball
1-0: Swinging Strike
1-1: Foul Ball, location: 2F
1-2: Ball
2-2: Foul Ball, location: 2F
2-2: 2-RUN HOME RUN (Flyball, 9D, EV 104.4 MPH), Distance : 380 ft
Batting: RHB Thurman Munson 0-0: Ground out 1-3 (Groundball, P, EV 60.6 MPH)
Batting: RHB Mike Schmidt 0-0: Called Strike
0-1: Called Strike
0-2: SOLO HOME RUN (Flyball, 7LD, EV 92.5 MPH), Distance : 347 ft
Batting: RHB Ken Landreaux 0-0: Called Strike
0-1: Swinging Strike
0-2: Foul Ball, location: 2F
0-2: Ball
1-2: Strikes out swinging
Batting: SHB Alfredo Griffin 0-0: Ground out U3 (Groundball, 34S, EV 80.6 MPH)
Bottom of the 4th over - 3 runs, 2 hits, 0 errors, 0 left on base; Cleveland 2 - Milwaukee 5
TOP OF THE 5TH
Cleveland Spiders batting - Pitching for Milwaukee Brewers : LHP Tom Underwood
Batting: RHB Alan Trammell 0-0: Ball
1-0: Ball
2-0: Called Strike
2-1: Fly out, F4 (Popup, 34S, EV 79.4 MPH)
Batting: SHB Bump Wills 0-0: Swinging Strike
0-1: Ball
1-1: Foul Ball, location: 2F
1-2: Ball
2-2: Strikes out swinging
Batting: RHB Cressy Pratt 0-0: SINGLE (Groundball, 4MD, EV 97.5 MPH)
Batting: RHB Clayton Elliott 0-0: Called Strike
0-1: Called Strike
0-2: Foul Ball, location: 2F
0-2: Ball
1-2: Fly out, F4 (Flyball, 3D, EV 76.3 MPH)
Top of the 5th over - 0 runs, 1 hit, 0 errors, 1 left on base; Cleveland 2 - Milwaukee 5
BOTTOM OF THE 5TH
Milwaukee Brewers batting - Pitching for Cleveland Spiders : RHP Dirceu Miro
Batting: RHB Steve Sax 0-0: Swinging Strike
0-1: Swinging Strike
0-2: Ball
1-2: Ground out 6-3 (Groundball, 6D, EV 107.5 MPH)
Batting: LHB Von Hayes 0-0: Ball
1-0: Ball
2-0: Called Strike
2-1: Swinging Strike
2-2: Strikes out swinging
Batting: RHB Eric Davis 0-0: Foul Ball, location: 2F
0-1: Called Strike
0-2: Ball
1-2: Ball
2-2: SOLO HOME RUN (Line Drive, 78XD, EV 98.8 MPH), Distance : 428 ft
Pitching: LHP Gary Williams
Batting: SHB Eddie Murray 0-0: Ball
1-0: Called Strike
1-1: Ball
2-1: Called Strike
2-2: Strikes out swinging
Bottom of the 5th over - 1 run, 1 hit, 0 errors, 0 left on base; Cleveland 2 - Milwaukee 6
TOP OF THE 6TH
Cleveland Spiders batting - Pitching for Milwaukee Brewers : LHP Tom Underwood
Batting: SHB Salvador Perez 0-0: Fly out, F6 (Flyball, 56D, EV 85.6 MPH)
Batting: RHB Tom Brunansky 0-0: Ball
1-0: Ball
2-0: Foul Ball, location: 2F
2-1: Ground out 5-3 (Groundball, 56, EV 81.3 MPH)
Batting: RHB Kevin Bell 0-0: Called Strike
0-1: Foul Ball, location: 2F
0-2: Foul Ball, location: 2F
0-2: Ground out 4-3 (Groundball, 4S, EV 65.0 MPH)
Top of the 6th over - 0 runs, 0 hits, 0 errors, 0 left on base; Cleveland 2 - Milwaukee 6
BOTTOM OF THE 6TH
Milwaukee Brewers batting - Pitching for Cleveland Spiders : LHP Gary Williams
Batting: LHB Al Oliver 0-0: Called Strike
0-1: Fly out, F9 (Flyball, 9, EV 77.5 MPH)
Batting: RHB Thurman Munson 0-0: SOLO HOME RUN (Flyball, 7D, EV 91.9 MPH), Distance : 383 ft
Batting: RHB Mike Schmidt 0-0: Ball
1-0: Ball
2-0: Called Strike
2-1: Ball
3-1: Base on Balls
Batting: RHB Ken Landreaux 0-0: Ball
1-0: Ball
2-0: Foul Ball, location: 2F
2-1: Ball
3-1: Fielders Choice at 2nd, 5-4 (Groundball, 5, EV 77.5 MPH)
Batting: SHB Alfredo Griffin 0-0: Ball
1-0: Ball
2-0: Fly out, F8 (Flyball, 8RD, EV 100.6 MPH)
Bottom of the 6th over - 1 run, 1 hit, 0 errors, 1 left on base; Cleveland 2 - Milwaukee 7
TOP OF THE 7TH
Cleveland Spiders batting - Pitching for Milwaukee Brewers : LHP Tom Underwood
Batting: RHB Lance Parrish 0-0: Called Strike
0-1: Ball
1-1: Ball
2-1: Foul Ball, location: 2F
2-2: Foul Ball, location: 2F
2-2: Strikes out swinging
Batting: RHB Jesse Barfield 0-0: Ball
1-0: Ball
2-0: Swinging Strike
2-1: Foul Ball, location: 2F
2-2: Ball
3-2: DOUBLE (Line Drive, 7LM, EV 100.6 MPH)
Batting: RHB Alan Trammell 0-0: Called Strike
0-1: Ball
1-1: Swinging Strike
1-2: Ball
2-2: Foul Ball, location: 2F
2-2: Foul Ball, location: 2F
2-2: Ball
3-2: Ground out 6-3 (Groundball, 6, EV 83.1 MPH)
Batting: SHB Bump Wills 0-0: SINGLE (Groundball, 56D, EV 100.6 MPH)
Jesse Barfield to third
Runner from 3rd tries for Home, SAFE, throw by LF to home
Batting: RHB Cressy Pratt 0-0: Called Strike
0-1: Ball
1-1: Ball
2-1: Ground out 4-3 (Groundball, 34D, EV 101.3 MPH)
Top of the 7th over - 1 run, 2 hits, 0 errors, 1 left on base; Cleveland 3 - Milwaukee 7
BOTTOM OF THE 7TH
Milwaukee Brewers batting - Pitching for Cleveland Spiders : LHP Gary Williams
Batting: RHB Steve Sax 0-0: Called Strike
0-1: Foul Ball, location: 2F
0-2: Foul Ball, location: 2F
0-2: Ball
1-2: Ground out 5-3 (Groundball, 56S, EV 89.4 MPH)
Batting: LHB Von Hayes 0-0: Swinging Strike
0-1: Ball
1-1: Ball
2-1: Foul Ball, location: 2F
2-2: Ball
3-2: Fly out, F8 (Flyball, 8RM, EV 96.3 MPH)
Batting: RHB Eric Davis 0-0: Ball
1-0: Called Strike
1-1: Called Strike
1-2: Strikes out swinging
Bottom of the 7th over - 0 runs, 0 hits, 0 errors, 0 left on base; Cleveland 3 - Milwaukee 7
TOP OF THE 8TH
Cleveland Spiders batting - Pitching for Milwaukee Brewers : LHP Tom Underwood
Batting: RHB Clayton Elliott 0-0: Foul Ball, location: 2F
0-1: Swinging Strike
0-2: Fly out, F6 (Flyball, 56D, EV 85.6 MPH)
Batting: SHB Salvador Perez 0-0: Ground out 6-3 (Groundball, 6, EV 105.6 MPH)
Batting: RHB Tom Brunansky 0-0: Ball
1-0: SINGLE (Groundball, 6MD, EV 101.3 MPH)
Batting: RHB Kevin Bell 0-0: Called Strike
0-1: Foul Ball, location: 2F
0-2: Foul Ball, location: 2F
0-2: Ball
1-2: Ball
2-2: Ball
3-2: Foul Ball, location: 2F
3-2: Foul Ball, location: 2F
3-2: Base on Balls
Tom Brunansky to second
Pitching: RHP Carlos Martinez
Batting: RHB Lance Parrish 0-0: 3-RUN HOME RUN (Flyball, 78XD, EV 105.6 MPH), Distance : 412 ft
Batting: RHB Jesse Barfield 0-0: Ball
1-0: Ball
2-0: Foul Ball, location: 2F
2-1: Ball
3-1: Foul Ball, location: 2F
3-2: Foul Ball, location: 2F
3-2: Fly out, F8 (Flyball, 8LXD, EV 91.9 MPH)
Top of the 8th over - 3 runs, 2 hits, 0 errors, 0 left on base; Cleveland 6 - Milwaukee 7
BOTTOM OF THE 8TH
Milwaukee Brewers batting - Pitching for Cleveland Spiders : LHP Gary Williams
Batting: SHB Eddie Murray 0-0: Swinging Strike
0-1: Ball
1-1: Swinging Strike
1-2: Foul Ball, location: 2F
1-2: Foul Ball, location: 2F
1-2: Strikes out swinging
Batting: LHB Al Oliver 0-0: Called Strike
0-1: Ball
1-1: Swinging Strike
1-2: Strikes out swinging
Batting: RHB Thurman Munson 0-0: Ground out 6-3 (Groundball, 6, EV 100.0 MPH)
Bottom of the 8th over - 0 runs, 0 hits, 0 errors, 0 left on base; Cleveland 6 - Milwaukee 7
TOP OF THE 9TH
Cleveland Spiders batting - Pitching for Milwaukee Brewers : RHP Carlos Martinez
Batting: RHB Alan Trammell 0-0: Called Strike
0-1: Swinging Strike
0-2: Foul Ball, location: 2F
0-2: Foul Ball, location: 2F
0-2: Foul Ball, location: 2F
0-2: Ball
1-2: Ground out 4-3 (Groundball, 34, EV 101.3 MPH)
Batting: SHB Bump Wills 0-0: Ball
1-0: Swinging Strike
1-1: Ball
2-1: Foul Ball, location: 2F
2-2: Ball
3-2: Strikes out swinging
Batting: RHB Cressy Pratt 0-0: Ball
1-0: Ball
2-0: Ball
3-0: Base on Balls
Batting: RHB Clayton Elliott 0-0: Ball
1-0: Ball
2-0: Ball
3-0: Base on Balls
Cressy Pratt to second
Batting: SHB Salvador Perez 0-0: Swinging Strike
0-1: Ball
1-1: Ball
2-1: 3-RUN HOME RUN (Flyball, 89XD, EV 93.8 MPH), Distance : 393 ft
Pitching: LHP Jordan Ortiz
Batting: RHB Tom Brunansky 0-0: Swinging Strike
0-1: Called Strike
0-2: Ball
1-2: Strikes out looking
Top of the 9th over - 3 runs, 1 hit, 0 errors, 0 left on base; Cleveland 9 - Milwaukee 7
BOTTOM OF THE 9TH
Milwaukee Brewers batting - Pitching for Cleveland Spiders : LHP Gary Williams
Batting: RHB Mike Schmidt 0-0: Called Strike
0-1: Foul Ball, location: 2F
0-2: Ball
1-2: Foul Ball, location: 2F
1-2: Strikes out swinging
Batting: RHB Ken Landreaux 0-0: Called Strike
0-1: Foul Ball, location: 2F
0-2: Ball
1-2: Foul Ball, location: 2F
1-2: Ball
2-2: Foul Ball, location: 2F
2-2: Foul Ball, location: 2F
2-2: Foul Ball, location: 2F
2-2: Ball
3-2: Foul Ball, location: 2F
3-2: Foul Ball, location: 2F
3-2: SOLO HOME RUN (Flyball, 78XD, EV 93.1 MPH), Distance : 415 ft
Pitching: RHP Omar Huaman
Now in LF: Jordan Ventura
Pinch Hitting: LHB Denny Walling 0-0: Fly out, F6 (Popup, 56S, EV 77.5 MPH)
Batting: RHB Steve Sax 0-0: Ball
1-0: Swinging Strike
1-1: SINGLE (Groundball, 34D, EV 110.6 MPH)
Batting: LHB Von Hayes 0-0: Ground out 4-3 (Groundball, 34, EV 79.4 MPH)
Bottom of the 9th over - 1 run, 2 hits, 0 errors, 1 left on base; Cleveland 9 - Milwaukee 8
Friday, July 17th, 2020 - OOTP Baseball 21.4 Build 63